 Dungeon Crawl Stone Soup version 0.31-a0-819-gf6de2f5ab6 (webtiles) character file.

Game seed: 13736480520533000673

21572 greenreed the Eclecticist (level 12, -9/59 HPs)
             Began as a Deep Elf Fire Elementalist on Sept 24, 2023.
             Was an Elder of Vehumet.
             Mangled by a flayed ghost (12 damage)
             ... on level 11 of the Dungeon.
             The game lasted 00:54:19 (13234 turns).

greenreed the Eclecticist (DEFE)                   Turns: 13234, Time: 00:54:19

Health: -9/59      AC:  9    Str:  5    XL:     12   Next: 55%
Magic:  11/33      EV: 17    Int: 26    God:    Vehumet [****..]
Gold:   475        SH:  0    Dex: 15    Spells: 22/42 levels left

rFire   + + .        I - +5 long sword of Conflict {flame, rF+ rC+ SInv Stlth+}
rCold   . . .        (no shield)
rNeg    + . .        o - +2 robe {rN+}
rPois   .            c - +2 helmet
rElec   .            y - scarf {+Inv}
rCorr   .            r - +0 pair of gloves
SInv    +            x - +0 pair of boots
Will    .....        p - amulet of regeneration
Stlth   +++          e - ring of fire
HPRegen 1.09/turn    F - ring of wizardry
MPRegen 0.23/turn

%: wizardry (x1)
@: weak-willed, flayed
A: no striking features
a: Renounce Religion, Evoke Invisibility


You were on level 11 of the Dungeon.
You worshipped Vehumet.
Vehumet was greatly pleased with you.
You visited 2 branches of the dungeon, and saw 12 of its levels.

You collected 839 gold pieces.
You spent 364 gold pieces at shops.

Inventory:

Hand Weapons
 A - a +0 whip of flaming
 D - a +4 rapier of speed
 I - the +5 long sword of Conflict (weapon) {flame, rF+ rC+ SInv Stlth+}
   (You found it on level 8 of the Dungeon)

   rF+:       It protects you from fire.
   rC+:       It protects you from cold.
   SInv:      It lets you see invisible.
   Stlth+:    It makes you more stealthy.
Armour
 c - a +2 helmet (worn)
 o - a +2 robe of positive energy (worn)
 r - a +0 pair of gloves (worn)
 x - a +0 pair of boots (worn)
 y - a scarf of invisibility (worn)
 J - an orb of guile
Magical Staves
 j - a staff of earth
Jewellery
 e - a ring of fire (left hand)
 p - an amulet of regeneration (around neck)
 F - a ring of wizardry (right hand)
 H - the ring "Yxtoq" {rN+ Dex+3}
   (You bought it in a shop on level 7 of the Dungeon)

   [ring of positive energy]

   Dex+3:     It affects your dexterity (+3).
   rN+:       It protects you from negative energy.
 L - a +4 ring of protection
 O - a +4 ring of protection
Wands
 t - a wand of iceblast (27)
 K - a wand of digging (17)
Scrolls
 d - 9 scrolls of immolation
 f - a scroll of silence {unknown}
 g - 10 scrolls of teleportation
 h - 5 scrolls of noise
 i - 2 scrolls of enchant armour
 l - a scroll of poison
 m - 2 scrolls of revelation
 n - 4 scrolls of amnesia
 q - a scroll of butterflies
 v - 2 scrolls of fog
 M - a scroll of enchant weapon {unknown}
Potions
 a - 3 potions of resistance
 b - a potion of magic
 k - 2 potions of enlightenment
 s - 4 potions of curing
 u - 4 potions of mutation
 w - 3 potions of heal wounds
 z - 2 potions of attraction
 C - 2 potions of lignification
 E - a potion of berserk rage
 G - a potion of degeneration
 N - 2 potions of brilliance


   Skills:
 + Level 10.4 Dodging
 - Level 2.6 Stealth
 * Level 15.5 Spellcasting
 * Level 12.4 Conjurations
 + Level 4.1 Summonings
 + Level 10.0 Fire Magic
 - Level 4.8 Poison Magic


You had 22 spell levels left.
You knew the following spells:

 Your Spells              Type           Power      Damage    Failure   Level
a - Foxfire               Conj/Fire      100%       2x1d9     1%          1
b - Scorch                Fire           100%       2d9       1%          2
c - Inner Flame           Hex/Fire       62%        N/A       1%          3
d - Magic Dart            Conj           100%       1d8       0%          1
e - Sandblast             Erth           40%        2d10      1%          1
f - Poisonous Vapours     Pois/Air       64%        N/A       1%          2
g - Ignite Poison         Fire/Tmut/Pois 62%        N/A       1%          3
h - Olgreb's Toxic Radia  Pois           45%        N/A       1%          4
i - Mephitic Cloud        Conj/Pois/Air  50%        N/A       1%          3

Your spell library contained the following spells:

 Spells                   Type           Power      Damage    Failure   Level
 Freezing Cloud           Conj/Ice/Air   20%        6-21      1%          5
 Searing Ray              Conj           100%       2d8       0%          2
 Apportation              Tloc           40%        N/A       1%          1
 Kiss of Death            Conj/Necr      100%       2d13      1%          1
 Necrotise                Necr           80%        1d8       1%          1
 Slow                     Hex            80%        N/A       1%          1
 Summon Small Mammal      Summ           100%       N/A       1%          1
 Call Imp                 Summ           82%        N/A       1%          2
 Ensorcelled Hibernation  Hex/Ice        40%        N/A       1%          2
 Jinxbite                 Hex            40%        N/A       1%          2
 Volatile Blastmotes      Fire/Tloc      100%       2d18      1%          3
 Flame Wave               Conj/Fire      87%        2d19      1%          4
 Fulminant Prism          Conj/Hex       25%        3d14      1%          4
 Confusing Touch          Hex            20%        N/A       3%          3
 Ozocubu's Armour         Ice            20%        N/A       3%          3
 Sigil of Binding         Hex            20%        N/A       3%          3
 Vampiric Draining        Necr           20%        2d7       3%          3
 Anguish                  Hex/Necr       10%        N/A       11%         4
 Animate Dead             Necr           20%        N/A       11%         4
 Dispel Undead            Necr           20%        3d11      11%         4
 Ozocubu's Refrigeration  Ice            10%        4d9       85%         7


Dungeon Overview and Level Annotations

Branches:
Dungeon (11/15)            Temple (1/1) D:5
   Lair: D:8-11         Orc: D:9-12

Altars:
Ashenzari
Cheibriados
Dithmenos
Elyvilon
Fedhas
Gozag
Hepliaklqana
Kikubaaqudgha
Makhleb
Nemelex Xobeh
Okawaru
Qazlal
Ru
Sif Muna
Trog
Uskayaw
Vehumet
Wu Jian
Xom
Yredelemnul
Zin
The Shining One

Shops:
D:5 !   D:7 :?(!*   D:9 =

Annotations:
D:9 1 runed translucent door
D:10 2 transporters, hikkokomori's ghost, journeyman FoHs


Message History

You feel a surge of power!
Flames lash the flayed ghost.
Flame seeps out of the flayed ghost.
The flayed ghost is lightly damaged.
The flayed ghost's fire resistance burns away.
The phantasmal warrior is engulfed in blazing flames.
The phantasmal warrior gestures at you.
The phantasmal warrior blinks!
The flayed ghost is engulfed in blazing flames.
Flame seeps out of the flayed ghost.
Unknown command.
Unknown command.
Casting: Scorch (safe; 1% risk of failure)
Confirm with . or Enter, or press ? or * to list all spells.
Okay, then.
Unknown command.
Casting: Scorch (safe; 1% risk of failure)
Confirm with . or Enter, or press ? or * to list all spells.
You feel a surge of power!
Flames lash the phantasmal warrior.
The phantasmal warrior is moderately damaged.
The phantasmal warrior's fire resistance burns away.
The phantasmal warrior hits you. The flayed ghost hits you!
Unknown command.
Casting: Scorch (safe; 1% risk of failure)
Confirm with . or Enter, or press ? or * to list all spells.
You feel a surge of power!
Flames lash the phantasmal warrior.
The phantasmal warrior is moderately damaged.
The phantasmal warrior closely misses you.
The flayed ghost barely misses you.
Unknown command.
Unknown command.
Casting: Scorch (safe; 1% risk of failure)
Confirm with . or Enter, or press ? or * to list all spells.
You feel a surge of power!
Flames lash the phantasmal warrior.
The phantasmal warrior is burned terribly!
The phantasmal warrior is moderately damaged.
The flayed ghost is no longer more vulnerable to fire.
The phantasmal warrior hits you!!
* * * LOW HITPOINT WARNING * * *
Your willpower is stripped away!
The flayed ghost hits you!
You die...

.# ♣..♣ ♣♣..♣ #..# .# ♣♣♣..♣♣..♣
#..# .# .§.....♣♣ #..# .# §).)...
#..# .# .§... #..# .# #####
##.).# #######..# .# ....#
♣♣♣.§..♣♣♣♣♣♣#.....#..# .#♣...♣
♣♣♣.....WW.....♣.♣♣♣.#... ...♣
........@...)....♣ ♣..... .#♣)..♣
♣♣♣............♣.♣♣♣.#... .#
....# ♣♣♣♣♣.♣♣♣....#.....#...
.#############################...
.................................
....)............# #..........
.................# #..........
.................# #..........
.......#####.....# #........##


You could see a flayed ghost (inner flame) and a phantasmal warrior
(combustible).

Vanquished Creatures
  Josephine (D:10)
  6 two-headed ogres
  An ogre mage (D:11)
  Urug (D:10)
  Pikel (D:5)
  An orc sorcerer (D:11)
  An orc knight (D:9)
  Maurice (D:10)
  2 gargoyles (D:11)
  Jeremiah (D:8)
  Maggie (D:9)
  Psyche (D:10)
  A kobold demonologist (D:6)
  A yaktaur (D:11)
  An efreet (D:11)
  A tengu conjurer (D:11)
  A troll (D:11)
  Prince Ribbit (D:5)
  Sigmund (D:2)
  2 shadows
  6 wraiths (D:10)
  A basilisk (D:11)
  A hog (shapeshifter) (D:11)
  2 wyverns
  33 yaks
  Grum (D:8)
  5 vampire mosquitoes
  A steam dragon (D:8)
  2 water moccasins
  An acid dragon (D:11)
  Duvessa (D:7)
  5 ice beasts
  3 orc warriors (D:10)
  A sky beast (D:6)
  3 black bears
  3 ogres
  4 wolves (D:8)
  3 centaurs
  2 lemures (D:5)
  A kobold brigand (D:6)
  A gnoll sergeant (D:9)
  2 bullfrogs
  4 scorpions
  4 wights (D:7)
  Dowan (D:7)
  A killer bee (D:11)
  3 electric eels
  3 hounds
  2 jellies
  2 orc priests
  A sleepcap (D:4)
  2 gnoll boudas
  11 orc wizards
  10 iguanas
  9 adders
  9 gnolls
  A white imp (D:6)
  3 ufetubi
  A worm (D:3)
  28 orcs
  3 endoplasms
  A giant cockroach (D:3)
  5 goblins
  10 jackals
  11 kobolds
  3 quokkas
  3 ball pythons
  A bat (D:2)
  2 frilled lizards
  6 rats
249 creatures vanquished.

Vanquished Creatures (collateral kills)
  A foxfire (D:10)
1 creature vanquished.

Vanquished Creatures (others)
  A slime creature (D:11)
  664 foxfires
665 creatures vanquished.

Grand Total: 915 creatures vanquished

Notes
Turn   | Place    | Note
-------+----------+-------------------------------------------
     0 | D:1      | greenreed the Deep Elf Fire Elementalist began the quest
                  | for the Orb.
     0 | D:1      | Reached XP level 1. HP: 10/10 MP: 6/6
    20 | D:1      | Found a faded altar of an unknown god.
   237 | D:1      | Got a quivering book
   970 | D:2      | Reached XP level 2. HP: 15/15 MP: 6/8
  1132 | D:2      | Learned a level 2 spell: Scorch
  1174 | D:2      | Noticed Sigmund
  1181 | D:2      | Killed Sigmund
  1182 | D:2      | Reached skill level 5 in Spellcasting
  1182 | D:2      | Reached XP level 3. HP: 10/19 MP: 1/11
  1182 | D:2      | Reached XP level 4. HP: 13/24 MP: 1/13
  1182 | D:2      | Reached XP level 5. HP: 15/28 MP: 1/14
  2310 | D:3      | Found a white marble altar of Elyvilon.
  2311 | D:3      | Found a glowing golden altar of the Shining One.
  2312 | D:3      | Found a glowing silver altar of Zin.
  2759 | D:4      | Reached XP level 6. HP: 22/32 MP: 4/16
  3078 | D:4      | Reached skill level 6 in Spellcasting
  3264 | D:4      | Found an opulent altar of Gozag.
  3379 | D:5      | Entered Level 5 of the Dungeon
  3533 | D:5      | Noticed an ice beast
  3538 | D:5      | Killed an ice beast
  3548 | D:5      | Noticed Prince Ribbit
  3552 | D:5      | Killed Prince Ribbit
  3553 | D:5      | Reached skill level 7 in Spellcasting
  3553 | D:5      | Reached skill level 5 in Fire Magic
  3553 | D:5      | Reached XP level 7. HP: 36/36 MP: 9/19
  3706 | D:5      | Noticed a rust devil
  3730 | D:5      | Learned a level 3 spell: Inner Flame
  3735 | D:5      | Learned a level 1 spell: Magic Dart
  4142 | D:5      | Reached skill level 5 in Dodging
  4181 | D:5      | Found a staircase to the Ecumenical Temple.
  4203 | Temple   | Entered the Ecumenical Temple
  4216 | Temple   | Became a worshipper of Vehumet
  4241 | D:5      | Found Umizxuzu's Distillery.
  4255 | D:5      | Bought a potion of curing for 39 gold pieces
  4255 | D:5      | Bought a potion of heal wounds for 65 gold pieces
  4352 | D:5      | Noticed Pikel
  4357 | D:5      | Killed Pikel
  4358 | D:5      | Reached skill level 8 in Spellcasting
  4358 | D:5      | Reached skill level 5 in Conjurations
  4358 | D:5      | Reached XP level 8. HP: 41/41 MP: 15/22
  4375 | D:5      | Reached skill level 9 in Spellcasting
  4569 | D:5      | Noticed an angel
  5440 | D:6      | Reached XP level 9. HP: 45/45 MP: 21/24
  5538 | D:6      | Reached * piety under Vehumet
  5538 | D:6      | Offered knowledge of Sandblast by Vehumet.
  5539 | D:6      | Reached skill level 10 in Spellcasting
  5541 | D:6      | Learned a level 1 spell: Sandblast
  6178 | D:6      | Noticed a kobold demonologist
  6185 | D:6      | Killed a kobold demonologist
  6195 | D:6      | Reached skill level 11 in Spellcasting
  6653 | D:7      | Noticed Duvessa
  6653 | D:7      | Noticed Dowan
  6656 | D:7      | Killed Duvessa
  6656 | D:7      | Killed Dowan
  6656 | D:7      | Reached ** piety under Vehumet
  6782 | D:7      | Offered knowledge of Poisonous Vapours by Vehumet.
  6786 | D:7      | Learned a level 2 spell: Poisonous Vapours
  6854 | D:7      | Found a blossoming altar of Fedhas.
  6855 | D:7      | Found a snail-covered altar of Cheibriados.
  7061 | D:7      | Reached XP level 10. HP: 50/50 MP: 14/27
  7265 | D:7      | Reached skill level 1 in Poison Magic
  7377 | D:7      | Found Enaket's Weapon Boutique.
  7440 | D:7      | Found Vite Wong's Magic Scroll Shop.
  7571 | D:7      | Found Coacec's Book Emporium.
  7766 | D:7      | Found Junececla's Distillery.
  7774 | D:7      | Bought a potion of degeneration for 15 gold pieces
  7776 | D:7      | Found Koonumm's Assorted Antiques.
  7779 | D:7      | Bought a bound bronze ring for 140 gold pieces
  7779 | D:7      | Identified the ring "Yxtoq" {rN+ Dex+3} (You bought it in a
                  | shop on level 7 of the Dungeon)
  8059 | D:8      | Reached skill level 12 in Spellcasting
  8273 | D:8      | Identified the +5 long sword of Conflict {flame, rF+ rC+
                  | SInv Stlth+}
  8531 | D:8      | Found a hazy altar of Hepliaklqana.
  8716 | D:8      | Noticed Jeremiah
  8725 | D:8      | Killed Jeremiah
  8733 | D:8      | Noticed a two-headed ogre
  8740 | D:8      | Killed a two-headed ogre
  9111 | D:8      | Noticed Grum
  9120 | D:8      | Killed Grum
  9121 | D:8      | Reached skill level 10 in Conjurations
  9441 | D:7      | Bought 2 scrolls of identify for 60 gold pieces
  9441 | D:7      | Bought a scroll of teleportation for 45 gold pieces
  9571 | D:9      | Noticed a two-headed ogre
  9572 | D:9      | Reached skill level 13 in Spellcasting
  9575 | D:9      | Offered knowledge of Momentum Strike by Vehumet.
  9579 | D:9      | Killed a two-headed ogre
  9580 | D:9      | Reached XP level 11. HP: 54/54 MP: 14/30
  9582 | D:9      | Noticed Maggie
  9588 | D:9      | Killed Maggie
  9750 | D:9      | Found a broken altar of Ashenzari.
  9751 | D:9      | Found a sparkling altar of Nemelex Xobeh.
  9841 | D:9      | Noticed a centaur warrior
  9844 | D:9      | Found a runed translucent door.
  9887 | D:9      | Noticed a two-headed ogre
  9896 | D:9      | Killed a two-headed ogre
  9958 | D:9      | Found Xemair's Jewellery Shop.
 10247 | D:9      | Noticed a two-headed ogre
 10254 | D:9      | Killed a two-headed ogre
 10557 | D:9      | Noticed an orc knight
 10563 | D:9      | Killed an orc knight
 10704 | D:10     | Entered Level 10 of the Dungeon
 10849 | D:10     | Found a basalt altar of Yredelemnul.
 10864 | D:10     | Reached *** piety under Vehumet
 10986 | D:10     | Noticed a two-headed ogre
 10995 | D:10     | Killed a two-headed ogre
 10996 | D:10     | Reached skill level 14 in Spellcasting
 11057 | D:10     | Noticed a skeletal warrior
 11060 | D:10     | Found a transporter.
 11063 | D:10     | Found a transporter.
 11063 | D:10     | Noticed hikkokomori's ghost (journeyman FoHs)
 11076 | D:10     | Found an iron altar of Okawaru.
 11254 | D:10     | Reached skill level 1 in Summonings
 11376 | D:10     | Noticed Urug
 11383 | D:10     | Killed Urug
 11390 | D:10     | Offered knowledge of Ignite Poison by Vehumet.
 11550 | D:10     | Noticed Josephine
 11556 | D:10     | Killed Josephine
 11561 | D:10     | Noticed Psyche
 11564 | D:10     | Killed Psyche
 11565 | D:10     | Reached XP level 12. HP: 59/59 MP: 13/32
 11868 | D:10     | Noticed Maurice
 11879 | D:10     | Killed Maurice
 12075 | D:10     | Learned a level 3 spell: Ignite Poison
 12080 | D:10     | Learned a level 4 spell: Olgreb's Toxic Radiance
 12084 | D:10     | Learned a level 3 spell: Mephitic Cloud
 12157 | D:10     | Identified the staff of Descent {rC+ rCorr Dex+2 Ice}
 12444 | D:11     | Reached skill level 10 in Dodging
 12536 | D:11     | Reached **** piety under Vehumet
 12667 | D:11     | Reached skill level 15 in Spellcasting
 12762 | D:11     | Offered knowledge of Freezing Cloud by Vehumet.
 13051 | D:11     | Noticed a two-headed ogre
 13056 | D:11     | Killed a two-headed ogre
 13224 | D:11     | Noticed an ogre mage
 13229 | D:11     | Killed an ogre mage
 13230 | D:11     | Reached skill level 10 in Fire Magic
 13234 | D:11     | Mangled by a flayed ghost

Illustrated notes

Levels and vault maps discovered:
D:1:      saegor_arrival_simple_b, layout_loops_ring,
          hellmonk_ecumenical_altar_blasted
D:2:      layout_loops_corners, uniq_sigmund
D:3:      layout_rooms, good_gods_temple_1
D:4:      layout_basic, lemuel_round_altar
D:5:      layout_cave_pods, temple_garden, serial_shops,
          nicolae_shop_industrial_runoff, uniq_prince_ribbit1, uniq_pikel
D:6:      layout_basic, chequers_serial_rivers_micro_e, minivault_22,
          nzn_random_ring
D:7:      layout_loops_corners, mainiacjoe_overflow_divided_tiny, serial_shops,
          kennysheep_mini_moat, shop, nicolae_shop_tiny_real_fake_doors,
          nicolae_take_the_stairs, shop_fountains, uniq_duvessa
D:8:      layout_loops_ring, nicolae_hepliaklqana_hippocampus,
          serial_co_window_serial, co_window_corner_a, co_window_paths_a,
          co_window_cross_1, co_window_paths_b, co_window_of_opportunity_a,
          co_window_paths_b, co_window_of_opportunity_a, co_window_paths_a,
          co_window_paths_b, co_window_2corner, co_window_broadway_a,
          co_window_broadway_a, co_window_4corner_a, glass_columns_a, uniq_grum,
          uniq_jeremiah
D:9:      layout_cave_pods, nicolae_overflow_squiral, serial_shops,
          nicolae_diamond_shop, minmay_st_funbox, kennysheep_just_a_vault,
          uniq_maggie
D:10:     layout_stronghold, mainiacjoe_overflow_catch_the_wave,
          gammafunk_ghost_arena, serial_bayou_ford_a, minmay_quadrilaterals,
          uniq_josephine, uniq_maurice, uniq_urug, uniq_psyche
D:11:     nzn_winding_woodlands_large [nzn_winding_woodlands_5x5_checkerboard,
          nzn_winding_woodlands_5x15_pool, nzn_winding_woodlands_5x5_default,
          nzn_winding_woodlands_center_triple_pond,
          nzn_winding_woodlands_15x15_thick_spiral,
          nzn_winding_woodlands_center_diamonds,
          nzn_winding_woodlands_5x5_perimeter,
          nzn_winding_woodlands_5x15_default, nzn_winding_woodlands_hourglass],
          layout_irregular_city, erik_lair_orcish_takeover
Temple:   nicolae_temple_ecumenical_triangle

Skill      XL: |  1  2  3  4  5  6  7  8  9 10 11 12 |
---------------+-------------------------------------+-----
Dodging        | 3 4 5 6 7 8 9 10 | 10.4
Spellcasting   | 5 7 8 9 11 13 14 15 | 15.5
Conjurations   | 2 3 5 6 8 10 11 12 | 12.4
Fire Magic     | 4 5 6 7 8 9 10 | 10.0
Poison Magic   | 3 4 |  4.8
Summonings     | 2 4 |  4.1
Stealth        | |  2.6

Action                     |  1- 3 |  4- 6 |  7- 9 | 10-12 || total
---------------------------+-------+-------+-------+-------++-------
  Melee: Staff             |       |       |     8 |       ||     8
         Unarmed           |       |       |     2 |       ||     2
         Rapier            |       |       |     1 |       ||     1
         Long sword        |       |       |       |     5 ||     5
         Punch             |       |       |       |     1 ||     1
   Cast: Foxfire           |    21 |   107 |   151 |   118 ||   397
         Scorch            |     2 |     5 |    43 |    85 ||   135
         Magic Dart        |       |       |    24 |    17 ||    41
         Inner Flame       |       |       |     9 |    54 ||    63
         Poisonous Vapours |       |       |       |    67 ||    67
         Sandblast         |       |       |       |     3 ||     3
         Ignite Poison     |       |       |       |     4 ||     4
         Olgreb's Toxic Ra |       |       |       |     3 ||     3
         Mephitic Cloud    |       |       |       |     2 ||     2
  Evoke: Wand              |       |       |     2 |     7 ||     9
    Use: Scroll            |       |       |       |    15 ||    15
   Stab: Sleeping          |       |       |     1 |       ||     1
 Armour: Robe              |     3 |     1 |     8 |    58 ||    70
  Dodge: Dodged            |     3 |     2 |     5 |    56 ||    66

Table legend: (Time is in decaauts)
 A = Elapsed time spent in this place.
 B = Non-inter-level travel time spent in this place.
 C = Inter-level travel time spent in this place.
 D = Time resting spent in this place.
 E = Time spent auto-exploring this place.
 F = Levels seen in this place.
 G = Mean time per level.
                   A        B        C        D        E       F      G
               +--------+--------+--------+--------+--------+-----+--------+
         Total |  13260 |  12550 |    710 |    718 |  10072 |  12 | 1105.0 |
       Dungeon |  13234 |  12536 |    698 |    718 |  10072 |  11 | 1203.1 |
        Temple |     26 |     14 |     12 |      0 |      0 |   1 |   26.0 |
               +--------+--------+--------+--------+--------+-----+--------+

Top non-repeatable levels by time:
    D:10: 1673 daAuts
     D:5: 1621 daAuts
     D:6: 1603 daAuts
     D:8: 1564 daAuts
     D:7: 1314 daAuts
     D:9: 1275 daAuts
     D:2: 1078 daAuts
     D:4: 909 daAuts
    D:11: 803 daAuts
     D:1: 717 daAuts
     D:3: 671 daAuts
  Temple: 26 daAuts
